TOP OF THE 1ST |
Lake County Captains batting - Pitching for Hickory Crawdads : RHP Erik Sever
|
Pitching: RHP Erik Sever
|
|
Batting: LHB Tetsuya Oba
|
0-0: Ball 1-0: Called Strike 1-1: Ball 2-1: Ball 3-1: Base on Balls
|
Batting: RHB Chris Diaz
|
0-0: Ball 1-0: Ball 2-0: Fielders Choice at 2nd, 5-4 (Groundball, 5, EV 110.0 MPH)
|
Batting: RHB Ricky Deen
|
0-0: Called Strike 0-1: Fielders Choice at 2nd, 4-6 (Groundball, 4, EV 85.0 MPH)
|
Batting: LHB John Shults
|
0-0: Called Strike 0-1: Ball 1-1: Foul Ball, location: 2F 1-2: Foul Ball, location: 2F 1-2: Ground out 6-3 (Groundball, 6MS, EV 73.1 MPH)
|
Top of the 1st over - 0 runs, 0 hits, 0 errors, 1 left on base; Lake County 0 - Hickory 0 |
BOTTOM OF THE 1ST |
Hickory Crawdads batting - Pitching for Lake County Captains : LHP Zach Masengill
|
Pitching: LHP Zach Masengill
|
|
Batting: RHB Sean Neuroth
|
0-0: Foul Ball, location: 2F 0-1: Ball 1-1: Foul Ball, location: 2F 1-2: Ball 2-2: Ball 3-2: Ground out 3-1 (Groundball, 34S, EV 87.5 MPH)
|
Batting: RHB Matt Sanders
|
0-0: Ball 1-0: Called Strike 1-1: Swinging Strike 1-2: Ball 2-2: Fly out, F4 (Line Drive, 4M, EV 65.6 MPH)
|
Batting: RHB Jorge Benites
|
0-0: Ball 1-0: Ball 2-0: Called Strike 2-1: Foul Ball, location: 2F 2-2: Fly out, F9 (Flyball, 9D, EV 85.0 MPH)
|
Bottom of the 1st over - 0 runs, 0 hits, 0 errors, 0 left on base; Lake County 0 - Hickory 0 |
TOP OF THE 2ND |
Lake County Captains batting - Pitching for Hickory Crawdads : RHP Erik Sever
|
Batting: LHB Brandon Hopper
|
0-0: SOLO HOME RUN (Flyball, 9D, EV 100.0 MPH), Distance : 385 ft
|
Batting: RHB Joeri Plas
|
0-0: Ball 1-0: Ball 2-0: Called Strike 2-1: Foul Ball, location: 2F 2-2: Ball 3-2: Ground out U3 (Groundball, 34, EV 106.2 MPH)
|
Batting: RHB John Shaffer
|
0-0: Called Strike 0-1: Ball 1-1: Called Strike 1-2: Ball 2-2: Ball 3-2: Foul Ball, location: 2F 3-2: SINGLE (Line Drive, 34D, EV 98.1 MPH)
|
Batting: RHB Jason Harris
|
0-0: Grounds into double play, 6-4-3 (Groundball, 6, EV 80.0 MPH)
|
Top of the 2nd over - 1 run, 2 hits, 0 errors, 0 left on base; Lake County 1 - Hickory 0 |
BOTTOM OF THE 2ND |
Hickory Crawdads batting - Pitching for Lake County Captains : LHP Zach Masengill
|
Batting: RHB Aaron Ware
|
0-0: SINGLE (Line Drive, 5D, EV 94.4 MPH)
|
Batting: RHB Dale Aubrey
|
0-0: Called Strike 0-1: Called Strike 0-2: Ball 1-2: Fielders Choice at 2nd, 5-4 (Groundball, 56, EV 100.6 MPH)
|
Batting: LHB Justin Barker
|
0-0: Called Strike Dale Aubrey steals 2nd, throwing error, E2 Dale Aubrey to third 0-1: Fly out, F9 (Flyball, 9LM, EV 90.0 MPH) Runner from 3rd tags up, SCORES, no throw by RF
|
Batting: RHB Nate Taylor
|
0-0: Ground out 5-3 (Groundball, 56, EV 80.6 MPH)
|
Bottom of the 2nd over - 1 run, 1 hit, 1 error, 0 left on base; Lake County 1 - Hickory 1 |
TOP OF THE 3RD |
Lake County Captains batting - Pitching for Hickory Crawdads : RHP Erik Sever
|
Batting: RHB David Matheney
|
0-0: Ball 1-0: Called Strike 1-1: SINGLE (Groundball, 4MD, EV 104.4 MPH) (infield hit)
|
Batting: LHB Tetsuya Oba
|
0-0: Ball 1-0: SINGLE (Groundball, 4D, EV 111.2 MPH) David Matheney to second Runner from 2nd tries for 3rd, SAFE, throw by RF made to third Tetsuya Oba to second
|
Batting: RHB Chris Diaz
|
0-0: Swinging Strike 0-1: Ball 1-1: Ground out 5-3 (Groundball, 5S, EV 83.8 MPH)
|
Batting: RHB Ricky Deen
|
0-0: Ground out 6-3 (Groundball, 6, EV 85.6 MPH) David Matheney scores Tetsuya Oba to third
|
Batting: LHB John Shults
|
0-0: Ball 1-0: DOUBLE (Line Drive, 78D, EV 103.1 MPH) Tetsuya Oba scores
|
Batting: LHB Brandon Hopper
|
0-0: Called Strike 0-1: Fly out, F8 (Flyball, 8LXD, EV 92.5 MPH)
|
Top of the 3rd over - 2 runs, 3 hits, 0 errors, 1 left on base; Lake County 3 - Hickory 1 |
BOTTOM OF THE 3RD |
Hickory Crawdads batting - Pitching for Lake County Captains : LHP Zach Masengill
|
Batting: RHB Isaiah Yarbrough
|
0-0: Called Strike 0-1: Ball 1-1: Fly out, F7 (Line Drive, 7D, EV 91.2 MPH)
|
Batting: RHB Gavin Fimple
|
0-0: Ball 1-0: Ground out U3 (Groundball, 3, EV 88.8 MPH)
|
Batting: RHB Sean Neuroth
|
0-0: Ball 1-0: Called Strike 1-1: SINGLE (Groundball, 56D, EV 100.6 MPH)
|
Batting: RHB Matt Sanders
|
0-0: Ball 1-0: Called Strike 1-1: SINGLE (Groundball, 6MD, EV 95.0 MPH) Sean Neuroth to second Runner from 2nd tries for 3rd, SAFE, throw by CF made to third
|
Batting: RHB Jorge Benites
|
0-0: Ball 1-0: Called Strike 1-1: Ball 2-1: Ball 3-1: Base on Balls Matt Sanders to second
|
Batting: RHB Aaron Ware
|
0-0: Foul Ball, location: 2F 0-1: Ball 1-1: Foul Ball, location: 2F 1-2: Foul Ball, location: 2F 1-2: Ball 2-2: Strikes out swinging
|
Bottom of the 3rd over - 0 runs, 2 hits, 0 errors, 3 left on base; Lake County 3 - Hickory 1 |
TOP OF THE 4TH |
Lake County Captains batting - Pitching for Hickory Crawdads : RHP Erik Sever
|
Batting: RHB Joeri Plas
|
0-0: Ball 1-0: Foul Ball, location: 2F 1-1: Foul Ball, location: 2F 1-2: Foul Ball, location: 2F 1-2: Ball 2-2: Strikes out swinging
|
Batting: RHB John Shaffer
|
0-0: Ball 1-0: Foul Ball, location: 2F 1-1: Foul Ball, location: 2F 1-2: Foul Ball, location: 2F 1-2: Ball 2-2: Strikes out swinging
|
Batting: RHB Jason Harris
|
0-0: Called Strike 0-1: Foul Ball, location: 2F 0-2: Strikes out swinging
|
Top of the 4th over - 0 runs, 0 hits, 0 errors, 0 left on base; Lake County 3 - Hickory 1 |
BOTTOM OF THE 4TH |
Hickory Crawdads batting - Pitching for Lake County Captains : LHP Zach Masengill
|
Batting: RHB Dale Aubrey
|
0-0: Swinging Strike 0-1: Ball 1-1: Ball 2-1: Ball 3-1: SINGLE (Flyball, 4MD, EV 90.6 MPH)
|
Batting: LHB Justin Barker
|
0-0: 2-RUN HOME RUN (Flyball, 9D, EV 97.5 MPH), Distance : 385 ft
|
Batting: RHB Nate Taylor
|
0-0: Ball 1-0: Ball 2-0: Called Strike 2-1: Ground out 4-3 (Groundball, 4D, EV 99.4 MPH)
|
Batting: RHB Isaiah Yarbrough
|
0-0: Hit by Pitch
|
Batting: RHB Gavin Fimple
|
0-0: Ball 1-0: Ball 2-0: Foul Ball, location: 2F 2-1: Ball 3-1: Fly out, F8 (Flyball, 8LM, EV 88.8 MPH)
|
Batting: RHB Sean Neuroth
|
0-0: Ball 1-0: SINGLE (Groundball, 34, EV 96.9 MPH) Isaiah Yarbrough to second Runner from 2nd tries for 3rd, SAFE, throw by RF made to third
|
Batting: RHB Matt Sanders
|
0-0: Called Strike 0-1: Ball Sean Neuroth steals 2nd base 1-1: Ground out 5-3 (Groundball, 56, EV 85.0 MPH)
|
Bottom of the 4th over - 2 runs, 3 hits, 0 errors, 2 left on base; Lake County 3 - Hickory 3 |
TOP OF THE 5TH |
Lake County Captains batting - Pitching for Hickory Crawdads : RHP Erik Sever
|
Batting: RHB David Matheney
|
0-0: Called Strike 0-1: Ball 1-1: Swinging Strike 1-2: Strikes out swinging
|
Batting: LHB Tetsuya Oba
|
0-0: Ball 1-0: Foul Ball, location: 2F 1-1: Ball 2-1: Ball 3-1: Base on Balls
|
Batting: RHB Chris Diaz
|
0-0: Called Strike Tetsuya Oba steals 2nd base 0-1: Ball 1-1: SINGLE (Groundball, 6D, EV 101.9 MPH) Tetsuya Oba to third
|
Batting: RHB Ricky Deen
|
0-0: Foul Ball, location: 2F 0-1: Ball 1-1: Ball 2-1: Ground out 4-3 (Groundball, 6M, EV 88.1 MPH) Chris Diaz to second
|
Batting: LHB John Shults
|
0-0: Reached on error, E5 (Groundball, 15, EV 86.2 MPH) Tetsuya Oba scores Chris Diaz to third
|
Batting: LHB Brandon Hopper
|
0-0: Called Strike 0-1: Foul Ball, location: 2F 0-2: Ground out 4-3 (Groundball, 4M, EV 109.4 MPH)
|
Top of the 5th over - 1 run, 1 hit, 1 error, 2 left on base; Lake County 4 - Hickory 3 |
BOTTOM OF THE 5TH |
Hickory Crawdads batting - Pitching for Lake County Captains : LHP Zach Masengill
|
Batting: RHB Jorge Benites
|
0-0: Ball 1-0: Swinging Strike 1-1: Ball 2-1: Ball 3-1: Foul Ball, location: 2F 3-2: SINGLE (Line Drive, 6MD, EV 100.0 MPH)
|
Batting: RHB Aaron Ware
|
0-0: Foul Ball, location: 2F 0-1: Ball 1-1: Foul Ball, location: 2F 1-2: Fly out, F6 (Line Drive, 6, EV 69.4 MPH)
|
Batting: RHB Dale Aubrey
|
0-0: Swinging Strike 0-1: Fly out, F8 (Flyball, 78M, EV 81.9 MPH)
|
Batting: LHB Justin Barker
|
0-0: Ball 1-0: Foul Ball, location: 2F 1-1: Hit by Pitch Jorge Benites to second
|
Batting: RHB Nate Taylor
|
0-0: Foul Ball, location: 2F 0-1: Foul Ball, location: 2F 0-2: Foul Ball, location: 2F 0-2: Fly out, F7 (Flyball, 78S, EV 91.9 MPH)
|
Bottom of the 5th over - 0 runs, 1 hit, 0 errors, 2 left on base; Lake County 4 - Hickory 3 |
TOP OF THE 6TH |
Lake County Captains batting - Pitching for Hickory Crawdads : RHP Erik Sever
|
Batting: RHB Joeri Plas
|
0-0: Called Strike 0-1: SINGLE (Flyball, 89S, EV 90.6 MPH)
|
Batting: RHB John Shaffer
|
0-0: Called Strike 0-1: Ball Wild Pitch! Joeri Plas to second 1-1: Called Strike 1-2: Ball 2-2: Foul Ball, location: 2F 2-2: Ball 3-2: Strikes out swinging
|
Batting: RHB Jason Harris
|
0-0: Swinging Strike 0-1: Ball 1-1: Ball 2-1: Swinging Strike 2-2: Ball 3-2: Fly out, F7 (Flyball, 7, EV 80.6 MPH)
|
Batting: RHB David Matheney
|
0-0: Ball 1-0: Foul Ball, location: 2F 1-1: Ball 2-1: Ball 3-1: Base on Balls
|
Batting: LHB Tetsuya Oba
|
0-0: Ball 1-0: Swinging Strike 1-1: Ground out 4-3 (Groundball, 4, EV 104.4 MPH)
|
Top of the 6th over - 0 runs, 1 hit, 0 errors, 2 left on base; Lake County 4 - Hickory 3 |
BOTTOM OF THE 6TH |
Hickory Crawdads batting - Pitching for Lake County Captains : LHP Zach Masengill
|
Batting: RHB Isaiah Yarbrough
|
0-0: Called Strike 0-1: Foul Ball, location: 2F 0-2: Foul Ball, location: 2F 0-2: Ball 1-2: Ball 2-2: Strikes out swinging
|
Batting: RHB Gavin Fimple
|
0-0: Ball 1-0: Ball 2-0: Called Strike 2-1: Foul Ball, location: 2F 2-2: Fly out, F8 (Flyball, 8LXD, EV 100.6 MPH)
|
Batting: RHB Sean Neuroth
|
0-0: Ball 1-0: Foul Ball, location: 2F 1-1: SINGLE (Groundball, 34D, EV 96.9 MPH)
|
Batting: RHB Matt Sanders
|
0-0: Called Strike 0-1: Ball 1-1: Foul Ball, location: 2F 1-2: Strikes out looking
|
Bottom of the 6th over - 0 runs, 1 hit, 0 errors, 1 left on base; Lake County 4 - Hickory 3 |
TOP OF THE 7TH |
Lake County Captains batting - Pitching for Hickory Crawdads : RHP Erik Sever
|
Batting: RHB Chris Diaz
|
0-0: Called Strike 0-1: Ball 1-1: Ground out 3-1 (Groundball, 34S, EV 85.6 MPH)
|
Batting: RHB Ricky Deen
|
0-0: Called Strike 0-1: SINGLE (Flyball, 6D, EV 89.4 MPH)
|
Batting: LHB John Shults
|
0-0: Foul Ball, location: 2F 0-1: Swinging Strike 0-2: Ball 1-2: Fly out, F9 (Flyball, 9S, EV 89.4 MPH)
|
Batting: LHB Brandon Hopper
|
0-0: Ball 1-0: Ball 2-0: Called Strike 2-1: Called Strike 2-2: Ground out 4-3 (Groundball, 4, EV 84.4 MPH)
|
Top of the 7th over - 0 runs, 1 hit, 0 errors, 1 left on base; Lake County 4 - Hickory 3 |
BOTTOM OF THE 7TH |
Hickory Crawdads batting - Pitching for Lake County Captains : LHP Zach Masengill
|
Batting: RHB Jorge Benites
|
0-0: Called Strike 0-1: Ball 1-1: Ground out U3 (Groundball, 34S, EV 75.0 MPH)
|
Pitching: LHP Fred Kelly
|
|
Batting: RHB Aaron Ware
|
0-0: Called Strike 0-1: Foul Ball, location: 2F 0-2: Ball 1-2: Foul Ball, location: 2F 1-2: Strikes out looking
|
Batting: RHB Dale Aubrey
|
0-0: Ball 1-0: Ball 2-0: Ball 3-0: Called Strike 3-1: Called Strike 3-2: Foul Ball, location: 2F 3-2: Strikes out swinging
|
Bottom of the 7th over - 0 runs, 0 hits, 0 errors, 0 left on base; Lake County 4 - Hickory 3 |
TOP OF THE 8TH |
Lake County Captains batting - Pitching for Hickory Crawdads : RHP Erik Sever
|
Pitching: RHP Victor Benitez
|
|
Batting: RHB Joeri Plas
|
0-0: Called Strike 0-1: Foul Ball, location: 2F 0-2: Foul Ball, location: 2F 0-2: Ball 1-2: Ground out 5-3 (Groundball, 56S, EV 76.2 MPH)
|
Batting: RHB John Shaffer
|
0-0: Ball 1-0: Ball 2-0: Called Strike 2-1: Called Strike 2-2: Ground out 3-1 (Groundball, 34S, EV 91.2 MPH)
|
Batting: RHB Jason Harris
|
0-0: Called Strike 0-1: Foul Ball, location: 2F 0-2: Ball 1-2: Strikes out looking
|
Top of the 8th over - 0 runs, 0 hits, 0 errors, 0 left on base; Lake County 4 - Hickory 3 |
BOTTOM OF THE 8TH |
Hickory Crawdads batting - Pitching for Lake County Captains : LHP Fred Kelly
|
Batting: LHB Justin Barker
|
0-0: Ball 1-0: Called Strike 1-1: Ground out U3 (Groundball, 3, EV 82.5 MPH)
|
Batting: RHB Nate Taylor
|
0-0: SOLO HOME RUN (Flyball, 7LD, EV 96.2 MPH), Distance : 354 ft
|
Batting: RHB Isaiah Yarbrough
|
0-0: Called Strike 0-1: Called Strike 0-2: Ball 1-2: Strikes out swinging
|
Batting: RHB Gavin Fimple
|
0-0: Foul Ball, location: 2F 0-1: Called Strike 0-2: Foul Ball, location: 2F 0-2: Ground out 5-3 (Groundball, 5, EV 103.1 MPH)
|
Bottom of the 8th over - 1 run, 1 hit, 0 errors, 0 left on base; Lake County 4 - Hickory 4 |
TOP OF THE 9TH |
Lake County Captains batting - Pitching for Hickory Crawdads : RHP Victor Benitez
|
Batting: RHB David Matheney
|
0-0: Called Strike 0-1: Called Strike 0-2: SINGLE (Flyball, 78S, EV 95.0 MPH)
|
Pitching: LHP Valery Sahanov
|
|
Batting: LHB Tetsuya Oba
|
0-0: Ball 1-0: Called Strike 1-1: Foul Ball, location: 2F 1-2: Ball 2-2: Fly out, F7 (Flyball, 7, EV 87.5 MPH)
|
Batting: RHB Chris Diaz
|
0-0: SINGLE (Line Drive, 8RS, EV 84.4 MPH) David Matheney to second
|
Batting: RHB Ricky Deen
|
0-0: Swinging Strike 0-1: Swinging Strike 0-2: Ball 1-2: Strikes out looking
|
Batting: RHB Ernest Olkowicz
|
0-0: Ball 1-0: Ball Wild Pitch! David Matheney to third Chris Diaz to second 2-0: Intentional Walk
|
Batting: LHB Brandon Hopper
|
0-0: Swinging Strike 0-1: Foul Ball, location: 2F 0-2: Ground out 4-3 (Groundball, 4, EV 81.2 MPH)
|
Top of the 9th over - 0 runs, 2 hits, 0 errors, 3 left on base; Lake County 4 - Hickory 4 |
BOTTOM OF THE 9TH |
Hickory Crawdads batting - Pitching for Lake County Captains : LHP Fred Kelly
|
Pitching: RHP Dantae Elizondo
|
|
Batting: RHB Sean Neuroth
|
0-0: Ball 1-0: Foul Ball, location: 2F 1-1: Called Strike 1-2: Strikes out swinging
|
Pinch Hitting: LHB Tim Olsen
|
0-0: Called Strike 0-1: Ball 1-1: Foul Ball, location: 2F 1-2: Ball 2-2: Foul Ball, location: 2F 2-2: Ball 3-2: Ground out U3 (Groundball, 3, EV 78.8 MPH)
|
Pinch Hitting: LHB Alfonso Collazo
|
0-0: Ball 1-0: Swinging Strike 1-1: Swinging Strike 1-2: Ball 2-2: Ball 3-2: Strikes out swinging
|
Bottom of the 9th over - 0 runs, 0 hits, 0 errors, 0 left on base; Lake County 4 - Hickory 4 |
TOP OF THE 10TH |
Lake County Captains batting - Pitching for Hickory Crawdads : LHP Valery Sahanov
|
Pitching: RHP Johnny Munoz
|
|
Now in LF: Tim Olsen
|
|
Now in CF: Dale Aubrey
|
|
Now in RF: Alfonso Collazo
|
|
Pinch Hitting: LHB Matt Steinke
|
0-0: Called Strike 0-1: Ball 1-1: Fly out, F8 (Flyball, 8RD, EV 89.4 MPH)
|
Batting: RHB John Shaffer
|
0-0: Ground out 5-3 (Groundball, 5L, EV 80.6 MPH)
|
Batting: RHB Jason Harris
|
0-0: Ball 1-0: Swinging Strike 1-1: Ball 2-1: Foul Ball, location: 2F 2-2: Fly out, F8 (Flyball, 8RM, EV 80.0 MPH)
|
Top of the 10th over - 0 runs, 0 hits, 0 errors, 0 left on base; Lake County 4 - Hickory 4 |
BOTTOM OF THE 10TH |
Hickory Crawdads batting - Pitching for Lake County Captains : RHP Dantae Elizondo
|
Pitching: RHP Chris Cohen
|
|
Now at 2B: Ferdi Schipper
|
|
Batting: RHB Aaron Ware
|
0-0: Ball 1-0: Ball 2-0: Ball 3-0: Called Strike 3-1: Called Strike 3-2: Ground out 6-3 (Groundball, 56, EV 103.1 MPH)
|
Batting: RHB Dale Aubrey
|
0-0: Ball 1-0: Ball 2-0: Foul Ball, location: 2F 2-1: Fly out, F8 (Flyball, 8RD, EV 95.0 MPH)
|
Batting: LHB Justin Barker
|
0-0: SINGLE (Line Drive, 4D, EV 106.2 MPH)
|
Batting: RHB Nate Taylor
|
0-0: Called Strike Justin Barker steals 2nd, throwing error, E2 Justin Barker to third 0-1: Called Strike 0-2: Strikes out swinging
|
Bottom of the 10th over - 0 runs, 1 hit, 1 error, 1 left on base; Lake County 4 - Hickory 4 |
TOP OF THE 11TH |
Lake County Captains batting - Pitching for Hickory Crawdads : RHP Johnny Munoz
|
Batting: RHB David Matheney
|
0-0: Ball 1-0: Ball 2-0: Ball 3-0: Called Strike 3-1: Foul Ball, location: 2F 3-2: Foul Ball, location: 2F 3-2: TRIPLE (Line Drive, 7D, EV 101.2 MPH)
|
Batting: LHB Tetsuya Oba
|
0-0: Intentional Walk
|
Batting: RHB Chris Diaz
|
0-0: Called Strike 0-1: Ball Tetsuya Oba steals 2nd base (no throw) 1-1: Swinging Strike 1-2: DOUBLE (Line Drive, 78D, EV 111.9 MPH) David Matheney scores Tetsuya Oba scores
|
Batting: RHB Ricky Deen
|
0-0: Ball 1-0: Called Strike 1-1: Called Strike 1-2: Strikes out looking
|
Batting: RHB Ernest Olkowicz
|
0-0: Called Strike 0-1: Called Strike 0-2: Ball 1-2: Ball 2-2: Strikes out swinging
|
Batting: LHB Brandon Hopper
|
0-0: Called Strike 0-1: Ball 1-1: Foul Ball, location: 2F 1-2: Foul Ball, location: 2F 1-2: Ball 2-2: Strikes out swinging
|
Top of the 11th over - 2 runs, 2 hits, 0 errors, 1 left on base; Lake County 6 - Hickory 4 |
BOTTOM OF THE 11TH |
Hickory Crawdads batting - Pitching for Lake County Captains : RHP Chris Cohen
|
Batting: RHB Isaiah Yarbrough
|
0-0: Ball 1-0: SINGLE (Line Drive, 3D, EV 98.1 MPH)
|
Pinch Hitting: LHB Dave Doughty
|
0-0: Called Strike 0-1: Ball 1-1: Ball 2-1: Foul Ball, location: 2F 2-2: Ball 3-2: Ground out 4-3 (Groundball, 4, EV 98.1 MPH) Isaiah Yarbrough to second
|
Batting: RHB Sean Neuroth
|
0-0: Ball 1-0: SINGLE (Groundball, 5S, EV 71.9 MPH) (infield hit) Isaiah Yarbrough to third
|
Batting: LHB Tim Olsen
|
0-0: Ball 1-0: Ball Sean Neuroth steals 2nd, throwing error, E2 Isaiah Yarbrough scores Sean Neuroth to third 2-0: Ground out 4-3 (Groundball, 4S, EV 83.8 MPH)
|
Batting: LHB Alfonso Collazo
|
0-0: Ball 1-0: Called Strike 1-1: Ball 2-1: Ground out 4-3 (Groundball, 34, EV 85.0 MPH)
|
Bottom of the 11th over - 1 run, 2 hits, 1 error, 1 left on base; Lake County 6 - Hickory 5 |
|